AoeStats
← Samarium

Arabia

510329638Analyzed
1v1 RM · 23h ago on Sep 30, 2026· 53m 9s· 2 players
Game mode
Random Map
Map size
Tiny (2 player)
Population
200
Speed
Normal
Resources
Standard
Victory
Conquest
Starting age
Dark Age
Ending age
Imperial Age
RankedLock teamsTeams togetherTeam positionsShared explorationLock speedFull tech treeHidden civsTurbo modeCheats
Victory
Defeat
🇫🇷 Franks · France
836
+18
🇵🇰 Varangians · Pakistan
879
-18
Samarium
10:59 Feudal Age
11:05 Man-at-Arms
13:42 Forging
15:01 Loom
22:03 Castle Age
20:13 Double-Bit Axe
22:29 Scale Mail Armor
23:24 Bow Saw
26:56 Pikeman
28:58 Iron Casting
39:21 Gold Mining
40:14 Wheelbarrow
39:51 Scale Barding Armor
45:18 Imperial Age
43:06 Hand Cart
45:22 Cavalier
45:44 Elite Throwing Axeman
45:58 Halberdier
47:59 Capped Ram
Greed
6:03 Loom
10:33 Feudal Age
14:38 Bloodlines
17:50 Double-Bit Axe
19:09 Wheelbarrow
18:19 Town Watch
18:33 Horse Collar
22:52 Bloodlines
27:32 Gold Mining
27:36 Fletching
27:58 Forging
27:48 Padded Archer Armor
34:01 Castle Age
32:26 Scale Barding Armor
34:05 Crossbowman
34:59 Bodkin Arrow
36:17 Husbandry
47:33 Murder Holes
50:14 Stone Mining
Connection lost

Rejoining the realm…

Still unreachable

The connection could not be restored.

Session expired

The server has moved on; the page needs a fresh start.